| TOP OF THE 1ST |
|
Reno Aces batting - Pitching for El Paso Chihuahuas : RHP Tom Ackerman
|
|
Pitching: RHP Tom Ackerman
|
|
|
Batting: RHB Ji-an Li
|
0-0: Ball 1-0: Ball 2-0: Called Strike 2-1: Foul Ball, location: 2F 2-2: Ball 3-2: Strikes out swinging
|
|
Batting: LHB Kyle Beaulieu
|
0-0: Called Strike 0-1: Ball 1-1: Swinging Strike 1-2: Foul Ball, location: 2F 1-2: Strikes out looking
|
|
Batting: RHB Dave Vargas
|
0-0: Called Strike 0-1: Called Strike 0-2: Strikes out swinging
|
| Top of the 1st over - 0 runs, 0 hits, 0 errors, 0 left on base; Reno 0 - El Paso 0 |
| BOTTOM OF THE 1ST |
|
El Paso Chihuahuas batting - Pitching for Reno Aces : LHP Rene Eenkhoorn
|
|
Pitching: LHP Rene Eenkhoorn
|
|
|
Batting: RHB Itsuo Yoshioka
|
0-0: Ball 1-0: Called Strike 1-1: SINGLE (Groundball, 56, EV 97.5 MPH) (infield hit)
|
|
Batting: RHB Steve Martin
|
0-0: SINGLE (Groundball, 4MD, EV 96.2 MPH) Itsuo Yoshioka to second
|
|
Batting: RHB Danny Bunn
|
0-0: Ball 1-0: Ball 2-0: Called Strike 2-1: Fly out, F9 (Flyball, 9D, EV 90.6 MPH) Runner from 2nd tags up, SAFE at 3rd, no throw by RF
|
|
Batting: RHB Kiril Emeshin
|
0-0: Foul Ball, location: 2F 0-1: Ball 1-1: Ball 2-1: Called Strike 2-2: Ball 3-2: Strikes out swinging
|
|
Batting: RHB Juan Martinez
|
0-0: Ball 1-0: Foul Ball, location: 2F 1-1: Foul Ball, location: 2F 1-2: Foul Ball, location: 2F 1-2: Strikes out looking
|
| Bottom of the 1st over - 0 runs, 2 hits, 0 errors, 2 left on base; Reno 0 - El Paso 0 |
| TOP OF THE 2ND |
|
Reno Aces batting - Pitching for El Paso Chihuahuas : RHP Tom Ackerman
|
|
Batting: LHB Bobby Arevalo
|
0-0: Ball 1-0: Ball 2-0: Foul Ball, location: 2F 2-1: Foul Ball, location: 2F 2-2: Ball 3-2: SOLO HOME RUN (Flyball, 9D, EV 99.4 MPH), Distance : 389 ft
|
|
Batting: LHB Ian Jarvis
|
0-0: Called Strike 0-1: Swinging Strike 0-2: Strikes out swinging
|
|
Batting: RHB Ruben Garza
|
0-0: Swinging Strike 0-1: Ball 1-1: Swinging Strike 1-2: Strikes out swinging
|
|
Batting: LHB Sumiki Okuhara
|
0-0: Ball 1-0: Ball 2-0: Ball 3-0: Called Strike 3-1: SINGLE (Groundball, 34S, EV 67.5 MPH) (infield hit)
|
|
Batting: SHB Gregg Whitecotton
|
0-0: Ball 1-0: Ground out U3 (Groundball, 3, EV 77.5 MPH)
|
| Top of the 2nd over - 1 run, 2 hits, 0 errors, 1 left on base; Reno 1 - El Paso 0 |
| BOTTOM OF THE 2ND |
|
El Paso Chihuahuas batting - Pitching for Reno Aces : LHP Rene Eenkhoorn
|
|
Batting: SHB Jamie Roberts
|
0-0: Ball 1-0: Ground out 3-1 (Groundball, 34S, EV 90.0 MPH)
|
|
Batting: LHB Joseph Martin
|
0-0: Called Strike 0-1: Called Strike 0-2: SINGLE (Groundball, 4M, EV 107.5 MPH)
|
|
Batting: LHB Doug Barr
|
0-0: Called Strike 0-1: Swinging Strike 0-2: Ball 1-2: Strikes out looking
|
|
Batting: LHB Josh Slusarczyk
|
0-0: Ball 1-0: Swinging Strike 1-1: Ball 2-1: Ball 3-1: Called Strike 3-2: Base on Balls Joseph Martin to second
|
|
Batting: RHB Itsuo Yoshioka
|
0-0: Called Strike 0-1: Ball 1-1: Fielders Choice at 2nd, 6-4 (Groundball, 6, EV 103.1 MPH)
|
| Bottom of the 2nd over - 0 runs, 1 hit, 0 errors, 2 left on base; Reno 1 - El Paso 0 |
| TOP OF THE 3RD |
|
Reno Aces batting - Pitching for El Paso Chihuahuas : RHP Tom Ackerman
|
|
Batting: RHB Alex Vasquez
|
0-0: Ball 1-0: Foul Ball, location: 2F 1-1: Ground out 6-3 (Groundball, 6S, EV 69.4 MPH)
|
|
Batting: RHB Ji-an Li
|
0-0: Ball 1-0: TRIPLE (Line Drive, 78XD, EV 103.8 MPH)
|
|
Batting: LHB Kyle Beaulieu
|
0-0: Ball 1-0: Fly out, F5 (Popup, 5SF, EV 81.2 MPH)
|
|
Batting: RHB Dave Vargas
|
0-0: Foul Ball, location: 2F 0-1: Called Strike 0-2: Fly out, F8 (Flyball, 8RXD, EV 106.2 MPH)
|
| Top of the 3rd over - 0 runs, 1 hit, 0 errors, 1 left on base; Reno 1 - El Paso 0 |
| BOTTOM OF THE 3RD |
|
El Paso Chihuahuas batting - Pitching for Reno Aces : LHP Rene Eenkhoorn
|
|
Batting: RHB Steve Martin
|
0-0: Fly out, F3 (Popup, 3, EV 75.0 MPH)
|
|
Batting: RHB Danny Bunn
|
0-0: Ball 1-0: Ball 2-0: Ball 3-0: Called Strike 3-1: Swinging Strike 3-2: Strikes out looking
|
|
Batting: RHB Kiril Emeshin
|
0-0: Ball 1-0: Ball 2-0: Ball 3-0: Base on Balls
|
|
Batting: RHB Juan Martinez
|
0-0: SINGLE (Line Drive, 56D, EV 94.4 MPH) Kiril Emeshin to second
|
|
Batting: SHB Jamie Roberts
|
0-0: Ball 1-0: Ball 2-0: Ball 3-0: Fly out, F7 (Line Drive, 7S, EV 95.6 MPH)
|
| Bottom of the 3rd over - 0 runs, 1 hit, 0 errors, 2 left on base; Reno 1 - El Paso 0 |
| TOP OF THE 4TH |
|
Reno Aces batting - Pitching for El Paso Chihuahuas : RHP Tom Ackerman
|
|
Batting: LHB Bobby Arevalo
|
0-0: Called Strike 0-1: Ball 1-1: Called Strike 1-2: Hit by Pitch
|
|
Batting: LHB Ian Jarvis
|
0-0: Ball 1-0: Ball Bobby Arevalo steals 2nd base (no throw) 2-0: Called Strike 2-1: Swinging Strike 2-2: Ball 3-2: Strikes out swinging
|
|
Batting: RHB Ruben Garza
|
0-0: Ball 1-0: Swinging Strike 1-1: Ball 2-1: Foul Ball, location: 2F 2-2: Hit by Pitch
|
|
Batting: LHB Sumiki Okuhara
|
0-0: Ball 1-0: Ball 2-0: Ball 3-0: Called Strike 3-1: Swinging Strike 3-2: Base on Balls Bobby Arevalo to third Ruben Garza to second
|
|
Batting: SHB Gregg Whitecotton
|
0-0: Called Strike 0-1: Ball 1-1: Foul Ball, location: 2F 1-2: Ball 2-2: Fly out, F4 (Line Drive, 4M, EV 63.1 MPH)
|
|
Batting: RHB Alex Vasquez
|
0-0: Ball 1-0: Ball 2-0: Ball 3-0: Base on Balls Bobby Arevalo scores Ruben Garza to third Sumiki Okuhara to second
|
|
Batting: RHB Ji-an Li
|
0-0: Called Strike 0-1: Swinging Strike 0-2: Foul Ball, location: 2F 0-2: Ball 1-2: Foul Ball, location: 2F 1-2: Foul Ball, location: 2F 1-2: Foul Ball, location: 2F 1-2: Ball 2-2: Foul Ball, location: 2F 2-2: Ground out 5-3 (Groundball, 56S, EV 67.5 MPH)
|
| Top of the 4th over - 1 run, 0 hits, 0 errors, 3 left on base; Reno 2 - El Paso 0 |
| BOTTOM OF THE 4TH |
|
El Paso Chihuahuas batting - Pitching for Reno Aces : LHP Rene Eenkhoorn
|
|
Batting: LHB Joseph Martin
|
0-0: Called Strike 0-1: Ball 1-1: Ball 2-1: Ball 3-1: Base on Balls
|
|
Batting: LHB Doug Barr
|
0-0: Ball 1-0: Ball 2-0: Swinging Strike 2-1: Foul Ball, location: 2F 2-2: Fielders Choice at 2nd, 4-6 (Groundball, 34, EV 85.6 MPH)
|
|
Batting: LHB Josh Slusarczyk
|
0-0: Called Strike 0-1: Ball 1-1: Foul Ball, location: 2F 1-2: Foul Ball, location: 2F 1-2: Grounds into double play, 4-6-3 (Groundball, 34, EV 86.2 MPH)
|
| Bottom of the 4th over - 0 runs, 0 hits, 0 errors, 0 left on base; Reno 2 - El Paso 0 |
| TOP OF THE 5TH |
|
Reno Aces batting - Pitching for El Paso Chihuahuas : RHP Tom Ackerman
|
|
Batting: LHB Kyle Beaulieu
|
0-0: Ball 1-0: Swinging Strike 1-1: Ground out 4-3 (Groundball, 4, EV 88.1 MPH)
|
|
Batting: RHB Dave Vargas
|
0-0: Called Strike 0-1: Ball 1-1: Ball 2-1: Ball 3-1: Base on Balls
|
|
Batting: LHB Bobby Arevalo
|
0-0: Ball Dave Vargas steals 2nd base (no throw) 1-0: Called Strike 1-1: Ball 2-1: DOUBLE (Line Drive, 7LS, EV 113.8 MPH) Dave Vargas scores
|
|
Pitching: RHP Jim Canady
|
|
|
Batting: LHB Ian Jarvis
|
0-0: Swinging Strike 0-1: Ball 1-1: Ball 2-1: Ground out U3 (Groundball, 3S, EV 87.5 MPH) Bobby Arevalo to third
|
|
Batting: RHB Ruben Garza
|
0-0: Called Strike 0-1: Foul Ball, location: 2F 0-2: Ball 1-2: Strikes out looking
|
| Top of the 5th over - 1 run, 1 hit, 0 errors, 1 left on base; Reno 3 - El Paso 0 |
| BOTTOM OF THE 5TH |
|
El Paso Chihuahuas batting - Pitching for Reno Aces : LHP Rene Eenkhoorn
|
|
Batting: RHB Itsuo Yoshioka
|
0-0: Foul Ball, location: 2F 0-1: Called Strike 0-2: Strikes out looking
|
|
Batting: RHB Steve Martin
|
0-0: Ball 1-0: Ball 2-0: Ball 3-0: Called Strike 3-1: Base on Balls
|
|
Batting: RHB Danny Bunn
|
0-0: Ball 1-0: Foul Ball, location: 2F 1-1: Foul Ball, location: 2F 1-2: Ground out 5-3 (Groundball, 56S, EV 72.5 MPH) Steve Martin to second
|
|
Batting: RHB Kiril Emeshin
|
0-0: Ball 1-0: Ball 2-0: Foul Ball, location: 2F 2-1: Ground out 6-3 (Groundball, 6S, EV 69.4 MPH)
|
| Bottom of the 5th over - 0 runs, 0 hits, 0 errors, 1 left on base; Reno 3 - El Paso 0 |
| TOP OF THE 6TH |
|
Reno Aces batting - Pitching for El Paso Chihuahuas : RHP Jim Canady
|
|
Batting: LHB Sumiki Okuhara
|
0-0: Ball 1-0: Swinging Strike 1-1: Swinging Strike 1-2: Strikes out looking
|
|
Batting: SHB Gregg Whitecotton
|
0-0: Called Strike 0-1: Ball 1-1: DOUBLE (Line Drive, 78M, EV 90.0 MPH)
|
|
Batting: RHB Alex Vasquez
|
0-0: Called Strike 0-1: Swinging Strike 0-2: Ball 1-2: Ball 2-2: Foul Ball, location: 2F 2-2: Ball 3-2: Strikes out looking
|
|
Batting: RHB Ji-an Li
|
0-0: Ball Wild Pitch! Gregg Whitecotton to third 1-0: Swinging Strike 1-1: Ball 2-1: Ball 3-1: Foul Ball, location: 2F 3-2: Base on Balls
|
|
Batting: LHB Kyle Beaulieu
|
0-0: Ball 1-0: Called Strike 1-1: SINGLE (Line Drive, 8RS, EV 88.8 MPH) Gregg Whitecotton scores Ji-an Li to second Runner from 2nd tries for 3rd, SAFE, throw by CF made to third
|
|
Batting: RHB Dave Vargas
|
0-0: Ball 1-0: Called Strike 1-1: Foul Ball, location: 2F 1-2: Ball 2-2: SINGLE (Groundball, 56D, EV 104.4 MPH) Ji-an Li scores Kyle Beaulieu to second Runner from 2nd tries for 3rd, SAFE, throw by LF made to third Dave Vargas to second
|
|
Batting: LHB Bobby Arevalo
|
0-0: Swinging Strike 0-1: Foul Ball, location: 2F 0-2: Foul Ball, location: 2F 0-2: Strikes out looking
|
| Top of the 6th over - 2 runs, 3 hits, 0 errors, 2 left on base; Reno 5 - El Paso 0 |
| BOTTOM OF THE 6TH |
|
El Paso Chihuahuas batting - Pitching for Reno Aces : LHP Rene Eenkhoorn
|
|
Batting: RHB Juan Martinez
|
0-0: Ball 1-0: Ball 2-0: SINGLE (Groundball, 25, EV 62.5 MPH) (infield hit)
|
|
Batting: SHB Jamie Roberts
|
0-0: Swinging Strike 0-1: Ball 1-1: Foul Ball, location: 2F 1-2: Ball 2-2: Ball 3-2: Strikes out swinging
|
|
Batting: LHB Joseph Martin
|
0-0: Called Strike Juan Martinez steals 2nd, throwing error, E2 Juan Martinez to third 0-1: Ball Steal of home, Juan Martinez is out 1-1: Ball 2-1: Ground out 6-3 (Groundball, 6, EV 85.6 MPH)
|
| Bottom of the 6th over - 0 runs, 1 hit, 1 error, 0 left on base; Reno 5 - El Paso 0 |
| TOP OF THE 7TH |
|
Reno Aces batting - Pitching for El Paso Chihuahuas : RHP Jim Canady
|
|
Batting: LHB Ian Jarvis
|
0-0: Ball 1-0: Ball 2-0: Ground out 4-3 (Groundball, 4, EV 81.2 MPH)
|
|
Batting: RHB Ruben Garza
|
0-0: Ball 1-0: Foul Ball, location: 2F 1-1: Ball 2-1: Foul Ball, location: 2F 2-2: Foul Ball, location: 2F 2-2: Foul Ball, location: 2F 2-2: Fly out, F7 (Flyball, 78D, EV 101.9 MPH)
|
|
Batting: LHB Sumiki Okuhara
|
0-0: Fly out, F9 (Flyball, 9LM, EV 78.1 MPH)
|
| Top of the 7th over - 0 runs, 0 hits, 0 errors, 0 left on base; Reno 5 - El Paso 0 |
| BOTTOM OF THE 7TH |
|
El Paso Chihuahuas batting - Pitching for Reno Aces : LHP Rene Eenkhoorn
|
|
Batting: LHB Doug Barr
|
0-0: Foul Ball, location: 2F 0-1: Foul Ball, location: 2F 0-2: Foul Ball, location: 2F 0-2: Ball 1-2: Strikes out swinging
|
|
Pitching: RHP Josh Pugh
|
|
|
Batting: LHB Josh Slusarczyk
|
0-0: Called Strike 0-1: Foul Ball, location: 2F 0-2: Ball 1-2: Foul Ball, location: 2F 1-2: Ball 2-2: Fly out, F8 (Flyball, 8LS, EV 88.1 MPH)
|
|
Batting: RHB Itsuo Yoshioka
|
0-0: Called Strike 0-1: Foul Ball, location: 2F 0-2: Strikes out swinging
|
| Bottom of the 7th over - 0 runs, 0 hits, 0 errors, 0 left on base; Reno 5 - El Paso 0 |
| TOP OF THE 8TH |
|
Reno Aces batting - Pitching for El Paso Chihuahuas : RHP Jim Canady
|
|
Batting: SHB Gregg Whitecotton
|
0-0: Called Strike 0-1: Fly out, F7 (Line Drive, 7D, EV 92.5 MPH)
|
|
Batting: RHB Alex Vasquez
|
0-0: Ball 1-0: DOUBLE (Flyball, 8LXD, EV 93.1 MPH)
|
|
Batting: RHB Ji-an Li
|
0-0: Called Strike 0-1: Foul Ball, location: 2F 0-2: Foul Ball, location: 2F 0-2: Ball 1-2: Foul Ball, location: 2F 1-2: Foul Ball, location: 2F 1-2: Ball 2-2: DOUBLE (Line Drive, 8RXD, EV 100.0 MPH) Alex Vasquez scores
|
|
Pitching: RHP Shuuhei Watanabe
|
|
|
Batting: LHB Kyle Beaulieu
|
0-0: Ball 1-0: Ground out U3 (Groundball, 34, EV 86.9 MPH) Ji-an Li to third
|
|
Batting: RHB Dave Vargas
|
0-0: Swinging Strike 0-1: Swinging Strike 0-2: Ground out 1-3 (Groundball, 34S, EV 75.6 MPH)
|
| Top of the 8th over - 1 run, 2 hits, 0 errors, 1 left on base; Reno 6 - El Paso 0 |
| BOTTOM OF THE 8TH |
|
El Paso Chihuahuas batting - Pitching for Reno Aces : RHP Josh Pugh
|
|
Batting: RHB Steve Martin
|
0-0: Foul Ball, location: 2F 0-1: SINGLE (Groundball, 6MD, EV 96.9 MPH)
|
|
Batting: RHB Danny Bunn
|
0-0: SINGLE (Groundball, 6S, EV 64.4 MPH) (infield hit) Steve Martin to second
|
|
Batting: RHB Kiril Emeshin
|
0-0: Called Strike 0-1: Grounds into double play, 5-4-3 (Groundball, 56, EV 80.6 MPH) Steve Martin to third
|
|
Batting: RHB Juan Martinez
|
0-0: Ball 1-0: Ball 2-0: Foul Ball, location: 2F 2-1: Foul Ball, location: 2F 2-2: Ball 3-2: Base on Balls
|
|
Batting: SHB Jamie Roberts
|
0-0: Ball 1-0: Ground out 4-3 (Groundball, 34, EV 108.1 MPH)
|
| Bottom of the 8th over - 0 runs, 2 hits, 0 errors, 2 left on base; Reno 6 - El Paso 0 |
| TOP OF THE 9TH |
|
Reno Aces batting - Pitching for El Paso Chihuahuas : RHP Shuuhei Watanabe
|
|
Batting: LHB Bobby Arevalo
|
0-0: Ball 1-0: Called Strike 1-1: Ball 2-1: Swinging Strike 2-2: SINGLE (Groundball, 34D, EV 106.2 MPH)
|
|
Batting: LHB Ian Jarvis
|
0-0: Swinging Strike 0-1: Ball 1-1: Called Strike 1-2: Strikes out swinging
|
|
Batting: RHB Ruben Garza
|
0-0: Fly out, F9 (Flyball, 89D, EV 93.8 MPH)
|
|
Batting: LHB Sumiki Okuhara
|
0-0: Ball 1-0: Swinging Strike 1-1: Ball 2-1: Called Strike 2-2: Foul Ball, location: 2F 2-2: Foul Ball, location: 2F 2-2: SINGLE (Groundball, 4M, EV 97.5 MPH) Bobby Arevalo to second
|
|
Batting: SHB Gregg Whitecotton
|
0-0: Called Strike 0-1: Called Strike 0-2: Strikes out swinging
|
| Top of the 9th over - 0 runs, 2 hits, 0 errors, 2 left on base; Reno 6 - El Paso 0 |
| BOTTOM OF THE 9TH |
|
El Paso Chihuahuas batting - Pitching for Reno Aces : RHP Josh Pugh
|
|
Batting: LHB Joseph Martin
|
0-0: Ball 1-0: Ball 2-0: Ball 3-0: Base on Balls
|
|
Batting: LHB Doug Barr
|
0-0: Ball 1-0: Foul Ball, location: 2F 1-1: Fly out, F9 (Flyball, 89S, EV 88.1 MPH)
|
|
Batting: LHB Josh Slusarczyk
|
0-0: Foul Ball, location: 2F 0-1: Ground out 6-3 (Groundball, 4, EV 108.1 MPH) Joseph Martin to second
|
|
Batting: RHB Itsuo Yoshioka
|
0-0: Ball 1-0: Ball 2-0: Ball 3-0: Called Strike 3-1: Foul Ball, location: 2F 3-2: Foul Ball, location: 2F 3-2: Foul Ball, location: 2F 3-2: Foul Ball, location: 2F 3-2: Base on Balls
|
|
Batting: RHB Steve Martin
|
0-0: Ball 1-0: Ball 2-0: Ball 3-0: Called Strike 3-1: Foul Ball, location: 2F 3-2: Ground out 5-3 (Groundball, 56S, EV 65.6 MPH)
|
| Bottom of the 9th over - 0 runs, 0 hits, 0 errors, 2 left on base; Reno 6 - El Paso 0 |
|